 Dungeon Crawl Stone Soup version 0.29.1-15-g9cfb28693d (webtiles) character file.

Game seed: 9944429473938794382

49 Peloso the Trooper (level 3, 0/51 HPs)
             Began as a Minotaur Fighter on Mar 12, 2023.
             Succumbed to a goblin's poison
             ... on level 1 of the Dungeon.
             The game lasted 00:01:59 (1471 turns).

Peloso the Trooper (Minotaur Fighter)               Turns: 1471, Time: 00:01:59

Health: 0/51       AC: 21    Str: 20    XL:     3   Next: 53%
Magic:  2/2        EV:  2    Int:  5    God:
Gold:   83         SH:  4    Dex: 11    Spells: 2/2 levels left

rFire   . . .      SeeInvis .   a - +0 long sword
rCold   . . .      Faith    .   c - +0 buckler
rNeg    . . .      Spirit   .   (body armour currently unavailable)
rPois   +          Reflect  .   (helmet currently unavailable)
rElec   .          Harm     .   (cloak currently unavailable)
rCorr   .          Rampage  .   (gloves currently unavailable)
Will    .....      NoTele   +   (boots currently unavailable)
Stlth   +.........              (no amulet)
HPRegen 0.17/turn               (no ring)
MPRegen 0.08/turn               (no ring)

@: lethally poisoned (0 -> -7), tree-form
A: stationary, stasis, torment immunity, boosted hp, (horns 2), (retaliatory
headbutt)
a: no special abilities


You were on level 1 of the Dungeon.
You were a tree.
You visited 1 branch of the dungeon, and saw 2 of its levels.

You collected 83 gold pieces.

Inventory:

Hand Weapons
 a - a +0 long sword (weapon)
Armour
 b - a +0 scale mail (melded)
 c - a +0 buckler (worn)
Jewellery
 h - a ring of willpower
Scrolls
 e - a scroll of blinking {unknown}
 g - 4 scrolls of identify {unknown}
 i - 2 scrolls of torment {unknown}
 j - a scroll of silence {unknown}
 l - a scroll of teleportation {unknown}
Potions
 d - a potion of might
 f - a potion of ambrosia {unknown}
 k - a potion of lignification
 m - a potion of flight {unknown}
 n - a potion of mutation {unknown}
 o - a potion of brilliance {unknown}
 p - a potion of heal wounds {unknown}


   Skills:
 + Level 4.3 Fighting
 + Level 3.2 Long Blades
 + Level 4.2 Armour
 + Level 0.2 Dodging
 + Level 3.9 Shields


You had 2 spell levels left.
You didn't know any spells.
Your spell library contained the following spells:

 Spells                   Type           Power      Damage    Failure   Level
 Petrify                  Tmut/Erth      0%         N/A       100%        4
 Metabolic Englaciation   Hex/Ice        0%         N/A       100%        5
 Statue Form              Tmut/Erth      0%         N/A       100%        6


Dungeon Overview and Level Annotations

Branches:
Dungeon (2/15)

Altars:

Shops:
D:1 *

Annotations:
D:2 Robin


Innate Abilities, Weirdness & Mutations

You are a tree.
Your roots penetrate the ground, keeping you stationary.
You cannot be teleported.
You are immune to unholy pain and torment.
Your maximum health is greatly increased.
Your equipment is partially melded.
((You have a pair of horns on your head.))
((You reflexively headbutt those who attack you in melee.))


Message History

The goblin no longer looks unusually strong.
Robin throws the goblin at you!
A hobgoblin comes into view.
The goblin hits you but does no damage.
You are poisoned.
The hobgoblin barely misses you. x2; The goblin barely misses you.
You feel sick.
You feel sick.
Robin drinks a potion.
Robin seems to speed up.
There is a stone staircase leading up here.
You feel sick. Robin throws the goblin at you! The goblin closely misses you.
The goblin hits you but does no damage.
You climb upwards.
You feel sick.
There is a stone staircase leading down here.
Unknown command.
You hit the goblin.
The goblin is heavily wounded.
You feel sick.
You are no longer poisoned.
The goblin hits you with a +2 dagger of venom.
You are poisoned.
You barely miss the goblin.
The goblin is moderately wounded.
* * * LOW HITPOINT WARNING * * *
You feel very sick. The goblin hits you but does no damage.
You are lethally poisoned!
You hit the goblin.
You kill the goblin!
* * * LOW HITPOINT WARNING * * *
You feel very sick.
* * * LOW HITPOINT WARNING * * *
You feel sick.
Things that are here:
a +2 dagger of venom; a goblin corpse
* * * LOW HITPOINT WARNING * * *
You feel sick.
It was a potion of lignification.
You turn into a tree.
Your +0 scale mail melds into your body.
Your roots penetrate the ground.
You die...

....<......##.......# #
...........##.......# #
...........##.......#############
#########..##.......##...........
...........##.......##...........
....................##...........
#############.##'#####...........
#.##.## #...........
#...♣.####...........
####.).##............
#..>..............
#######..∩........ #...........
#...........
######################...........
..†..............................
#################################


There were no monsters in sight!

Vanquished Creatures
  A dart slug (D:1)
  3 endoplasms (D:1)
  4 giant cockroaches
  8 goblins
  5 hobgoblins (D:2)
  2 kobolds (D:1)
  10 ball pythons (D:1)
  2 bats (D:2)
  2 frilled lizards (D:1)
  4 rats (D:1)
41 creatures vanquished.

Notes
Turn   | Place    | Note
-------+----------+-------------------------------------------
     0 | D:1      | Peloso the Minotaur Fighter began the quest for the Orb.
     0 | D:1      | Reached XP level 1. HP: 19/19 MP: 0/0
   130 | D:1      | Reached XP level 2. HP: 27/27 MP: 1/1
   267 | D:1      | Found Reorgh's Assorted Antiques.
   556 | D:1      | Reached XP level 3. HP: 28/33 MP: 2/2
  1445 | D:2      | Noticed Robin
  1470 | D:1      | HP: 1/34 [poisoned by a goblin]
  1471 | D:1      | Succumbed to a goblin's poison

Illustrated notes

Levels and vault maps discovered:
D:1:      minmay_arrival_semitransparent, layout_basic, serial_shops, shop,
          minmay_misc_feat_plants
D:2:      layout_basic, minmay_hexomino_f4, uniq_robin

Skill      XL: |  1  2  3 |
---------------+----------+-----
Fighting       | 4 |  4.3
Armour         | 4 |  4.2
Long Blades    | 3 |  3.2
Dodging        | |  0.2
Shields        | |  3.9

Action                   || total
-------------------------++-------
Melee: Long sword        ||    88
       Headbutt          ||     6
  Use: Potion            ||     1
Armor: Scale mail        ||    44
Dodge: Dodged            ||    50
Block: Buckler           ||    15
